 Dungeon Crawl Stone Soup version 0.29.1-15-g9cfb28693d (webtiles) character file.

Game seed: 4344418066206547428

7752 DearestLeader the Destroyer (level 11, -1/86 HPs)
             Began as a Grey Draconian Conjurer on Apr 13, 2023.
             Was a Priest of Vehumet.
             Engulfed by a cloud of freezing vapour (22 damage)
             ... on level 9 of the Dungeon on May 1, 2023.
             The game lasted 00:32:23 (13575 turns).

DearestLeader the Destroyer (DrCj)                 Turns: 13575, Time: 00:32:25

Health: -1/86      AC: 16    Str:  9    XL:     11   Next: 0%
Magic:  15/20      EV: 12    Int: 23    God:    Vehumet [***...]
Gold:   914        SH:  0    Dex: 10    Spells: 3/22 levels left

rFire   . . .      SeeInvis .   r - +4 short sword (venom)
rCold   . . .      Faith    .   (no shield)
rNeg    . . .      Spirit   .   (body armour unavailable)
rPois   .          Reflect  .   (helmet restricted)
rElec   .          Harm     .   y - +2 cloak
rCorr   .          Rampage  .   o - +0 pair of gloves
Will    +....                   (no boots)
Stlth   ++........              (no amulet)
HPRegen 0.24/turn               E - ring of wizardry
MPRegen 0.17/turn               e - ring of willpower

@: slowed, very slow
A: AC +12, amphibious, unfitting armour, cold-blooded
a: Renounce Religion


You were on level 9 of the Dungeon.
You worshipped Vehumet.
Vehumet was most pleased with you.
You visited 2 branches of the dungeon, and saw 10 of its levels.

You collected 914 gold pieces.

Inventory:

Hand Weapons
 r - a +4 short sword of venom (weapon)
 w - a +2 rapier of electrocution
 N - a +2 vorpal sling
 P - a +5 long sword of freezing
Armour
 o - a +0 pair of gloves (worn)
 y - a +2 cloak (worn)
Magical Staves
 C - a staff of death
Jewellery
 e - a ring of willpower (right hand)
 t - a ring of flight
 E - a ring of wizardry (left hand)
 H - a +6 ring of intelligence
 K - a ring of resist corrosion
Wands
 s - a wand of quicksilver (13)
 v - a wand of flame (6)
 A - a wand of roots (33)
 F - a wand of polymorph (6)
Scrolls
 b - a scroll of enchant weapon {unknown}
 c - 2 scrolls of butterflies
 d - 4 scrolls of enchant armour
 i - a scroll of vulnerability {unknown}
 l - 5 scrolls of blinking
 m - a scroll of magic mapping {unknown}
 n - 8 scrolls of teleportation
 p - a scroll of fear {unknown}
 z - 2 scrolls of amnesia {unknown}
 I - a scroll of torment {unknown}
 M - a scroll of immolation {unknown}
 O - a scroll of identify
Potions
 a - a potion of magic
 f - 2 potions of cancellation
 g - a potion of ambrosia {unknown}
 h - a potion of resistance
 j - 2 potions of lignification
 k - a potion of degeneration {unknown}
 q - a potion of might
 u - 2 potions of brilliance
 x - a potion of attraction
 B - a potion of flight {unknown}
 D - 2 potions of curing {unknown}
 G - 2 potions of heal wounds {unknown}
 J - a potion of invisibility {unknown}
 L - a potion of berserk rage {unknown}


   Skills:
 - Level 5.0 Fighting
 - Level 5.0 Short Blades
 + Level 3.3 Dodging
 - Level 2.0 Stealth
 - Level 6.0 Spellcasting
 * Level 12.8 Conjurations
 - Level 5.0 Hexes
 + Level 2.7 Ice Magic


You had 3 spell levels left.
You knew the following spells:

 Your Spells              Type           Power      Damage    Failure   Level
a - Magic Dart            Conj           100%       1d8       1%          1
b - Searing Ray           Conj           100%       2d8       1%          2
c - Fulminant Prism       Conj/Hex       24%        3d13      1%          4
d - Iskenderun's Mystic   Conj/Tloc      36%        2d9       1%          4
e - Dazzling Flash        Conj/Hex       96%        N/A       1%          3
f - Freezing Cloud        Conj/Ice/Air   15%        6-21      3%          5

Your spell library contained the following spells:

 Spells                   Type           Power      Damage    Failure   Level
 Ignite Poison            Fire/Tmut/Pois 6%         N/A       3%          3
 Freeze                   Ice            76%        1d9       1%          1
 Slow                     Hex            100%       N/A       1%          1
 Confusing Touch          Hex            29%        N/A       1%          3
 Frozen Ramparts          Ice            38%        1d6       1%          3
 Apportation              Tloc           12%        N/A       3%          1
 Gell's Gravitas          Tloc           6%         N/A       11%         3
 Teleport Other           Tloc           6%         N/A       11%         3
 Vampiric Draining        Necr           6%         2d6       11%         3
 Hailstorm                Conj/Ice       42%        3d10      1%          4
 Lee's Rapid Deconstruct  Erth           3%         3d6*      24%         5
 Alistair's Intoxication  Tmut/Pois      4%         N/A       65%         5
 Simulacrum               Ice/Necr       6%         N/A       95%         6
 Dispersal                Tloc           3%         N/A       99%         6
 Polar Vortex             Ice            9%         N/A       100%        9


Dungeon Overview and Level Annotations

Branches:
Dungeon (9/15)             Temple (1/1) D:5            Lair (0/5) D:9
    Orc: D:9-12

Altars:
Ashenzari
Cheibriados
Dithmenos
Elyvilon
Fedhas
Gozag
Nemelex Xobeh
Okawaru
Sif Muna
Trog
Vehumet
Wu Jian
Xom
Yredelemnul
Zin
The Shining One


Innate Abilities, Weirdness & Mutations

Your dull iron-grey scales are very hard. (AC +12)
You are amphibious.
You cannot fit into any form of body armour.
You are cold-blooded and may be slowed by cold attacks.


Message History

The orc warrior is engulfed in freezing vapours.
The fungus is engulfed in freezing vapours.
The orc warrior is engulfed in freezing vapours.
You kill the orc warrior!
Vehumet accepts your kill.
You feel your power returning.
You have reached level 11!
The fungus is engulfed in freezing vapours.
The fungus is engulfed in freezing vapours.
A nearby fungus withers and dies.
There is an open door here.
Things that are here:
a +0 glaive; a +0 chain mail
n - 8 scrolls of teleportation (gained 1)
There is an open door here.
Things that are here:
a +0 glaive; a +0 chain mail
There is a stone staircase leading up here.
Found a stone staircase leading down.
There is a stone staircase leading down here.
A two-headed ogre comes into view.
It is wielding a +0 giant club and a +0 dire flail.
Casting: Freezing Cloud (dangerous; 3% risk of failure)
Confirm with . or Enter, or press ? or * to list all spells.
Aiming: Freezing Cloud (dangerous; 3% risk of failure)
Press: ? - help, Dir - move target, f - two-headed ogre
Aim: a two-headed ogre, wielding a +0 giant club and a +0 dire flail That beam is likely to hit you.
Continue anyway?
You are engulfed in freezing vapours.
You feel yourself slow down.
The two-headed ogre is engulfed in freezing vapours.
The two-headed ogre hits you with a +0 giant club!
The two-headed ogre hits you with a +0 dire flail.
You are engulfed in freezing vapours.
The two-headed ogre is engulfed in freezing vapours.
The two-headed ogre attacks as you move away!
The two-headed ogre closely misses you.
The two-headed ogre hits you with a +0 dire flail!
* * * LOW HITPOINT WARNING * * *
You are engulfed in freezing vapours.
You feel as though you will be slow longer.
You die...

.# .# #.# .#
.######### #.# .#
.........# ... .#
########.# #.# .#
########.# #.# .#
.........# #.# .#
########.#######§###§#
# #.......§@§O§§#
#........§#####
###########


You could see a two-headed ogre.

Vanquished Creatures
  A kobold demonologist (D:8)
  A komodo dragon (D:8)
  A hornet (D:8)
  2 yaks (D:8)
  A steam dragon (D:8)
  Eustachio (D:5)
  4 water moccasins
  3 sky beasts
  A black bear (D:6)
  3 orc warriors
  4 ice beasts
  7 ogres
  6 centaurs
  6 kobold brigands
  8 bullfrogs
  2 gnoll sergeants
  12 scorpions
  10 wights
  9 killer bees (D:8)
  3 howler monkeys
  A lava snake (D:8)
  4 jellies
  An orc priest (D:6)
  5 gnoll boudas
  5 hounds
  Crazy Yiuf (D:5)
  5 iguanas
  Terence (D:3)
  5 orc wizards
  Robin (D:2)
  17 gnolls
  11 adders
  A shadow imp (D:8)
  3 white imps
  4 ufetubi
  2 dart slugs (D:1)
  2 worms (D:2)
  29 orcs
  9 ball pythons
  7 endoplasms
  2 giant cockroaches
  21 goblins
  18 hobgoblins
  4 jackals
  4 quokkas
  6 bats
  3 frilled lizards
  19 kobolds
  8 rats
284 creatures vanquished.

Vanquished Creatures (others)
  6 fulminant prisms
  17 fungi
  8 plants
  3 toadstools (D:4)
34 creatures vanquished.

Grand Total: 318 creatures vanquished

Notes
Turn   | Place    | Note
-------+----------+-------------------------------------------
     0 | D:1      | DearestLeader the Draconian Conjurer began the quest for
                  | the Orb.
     0 | D:1      | Reached XP level 1. HP: 14/14 MP: 3/3
   248 | D:1      | Reached XP level 2. HP: 22/22 MP: 1/5
   251 | D:1      | Learned a level 2 spell: Searing Ray
   708 | D:1      | Reached skill level 1 in Fighting
  1006 | D:1      | Reached XP level 3. HP: 28/28 MP: 4/6
  1042 | D:1      | Found a faded altar of an unknown god.
  1626 | D:2      | Reached XP level 4. HP: 36/36 MP: 0/7
  1722 | D:2      | Noticed Robin
  1758 | D:2      | Killed Robin
  1776 | D:2      | Reached skill level 5 in Conjurations
  3130 | D:3      | Reached XP level 5. HP: 38/41 MP: 9/9
  3135 | D:3      | Learned a level 4 spell: Fulminant Prism
  3746 | D:3      | Noticed Terence
  3765 | D:3      | Killed Terence
  4493 | D:4      | Reached skill level 6 in Conjurations
  4493 | D:4      | Reached XP level 6. HP: 45/48 MP: 9/11
  5108 | D:4      | Reached skill level 1 in Short Blades
  6154 | D:5      | Entered Level 5 of the Dungeon
  6178 | D:5      | Noticed an ice beast
  6205 | D:5      | Your scales start taking on a dull iron-grey colour.
  6205 | D:5      | Reached XP level 7. HP: 19/55 MP: 9/13
  6405 | D:5      | Noticed Eustachio
  6413 | D:5      | Killed Eustachio
  6414 | D:5      | Reached skill level 7 in Conjurations
  6538 | D:5      | Found a staircase to the Ecumenical Temple.
  6562 | Temple   | Entered the Ecumenical Temple
  6640 | Temple   | Became a worshipper of Vehumet
  6851 | D:5      | Reached skill level 8 in Conjurations
  6883 | D:5      | Reached XP level 8. HP: 61/61 MP: 8/14
  7163 | D:5      | Found a runed translucent door.
  7164 | D:5      | Noticed Crazy Yiuf
  7354 | D:5      | Killed Crazy Yiuf
  7750 | D:6      | Reached skill level 9 in Conjurations
  7821 | D:6      | Learned a level 4 spell: Iskenderun's Mystic Blast
  7825 | D:6      | Learned a level 3 spell: Dazzling Flash
  8049 | D:6      | Reached * piety under Vehumet
  8049 | D:6      | Offered knowledge of Foxfire by Vehumet.
  8050 | D:6      | Reached skill level 1 in Hexes
  8191 | D:6      | Reached skill level 5 in Short Blades
  8432 | D:6      | Reached XP level 9. HP: 66/67 MP: 8/15
  8433 | D:6      | Reached skill level 10 in Conjurations
  8447 | D:6      | Identified the +1 robe of Objectivity {rC+}
  9118 | D:7      | Found an ornate altar of the Wu Jian Council.
  9317 | D:7      | Reached skill level 5 in Spellcasting
  9512 | D:7      | Reached skill level 11 in Conjurations
  9518 | D:7      | Offered knowledge of Shock by Vehumet.
  9635 | D:7      | Reached ** piety under Vehumet
 10004 | D:7      | Reached XP level 10. HP: 41/74 MP: 14/18
 10758 | D:8      | Paralysed by a hornet for 1 turns
 11181 | D:8      | Offered knowledge of Poisonous Vapours by Vehumet.
 11447 | D:8      | Reached skill level 12 in Conjurations
 11494 | D:8      | Reached skill level 5 in Hexes
 11520 | D:8      | Reached *** piety under Vehumet
 11530 | D:8      | Learned a level 5 spell: Freezing Cloud
 11615 | D:8      | HP: 2/105 [wight/+1 long sword (6)]
 11725 | D:7      | Reached skill level 1 in Ice Magic
 11961 | D:8      | Noticed an orange demon
 12330 | D:8      | Found a glowing silver altar of Zin.
 12782 | D:8      | Offered knowledge of Ignite Poison by Vehumet.
 12795 | D:8      | Reached skill level 5 in Fighting
 13172 | D:9      | Found an opulent altar of Gozag.
 13438 | D:9      | Found a staircase to the Lair.
 13442 | D:9      | Reached XP level 11. HP: 81/86 MP: 15/20
 13571 | D:9      | Noticed a two-headed ogre
 13575 | D:9      | Engulfed by a cloud of freezing vapour

Illustrated notes

Levels and vault maps discovered:
D:1:      saegor_arrival_simple_e, layout_loops_ring,
          ebering_ecumenical_altar_petrified, serial_bayou_crossing
D:2:      cheibrodos_greedy_goblins, layout_basic, uniq_robin
D:3:      minmay_chambers_of_twos, layout_basic, uniq_terence
D:4:      layout_loops_ring, minmay_gold_behind_fungi,
          kennysheep_opposing_triangles
D:5:      layout_cave_pools, minmay_temple_entry_gardened_gates,
          uniq_crazy_yiuf_cottage, uniq_eustachio
D:6:      minmay_thinvault, layout_loops_ring
D:7:      kennysheep_seaside_town, layout_cave_pools, serial_park,
          serial_park_gazebo [serial_park_minivault_5x5_4], serial_park_square3
          [serial_park_minivault_5x5_1], serial_park_tiny_pond,
          serial_park_square3 [serial_park_minivault_5x5_4]
D:8:      layout_rooms, minmay_tree_intersection, kennysheep_diamond,
          kennysheep_kite_vault
D:9:      layout_loops_ring, amcnicky_altar_gilded,
          grunt_lair_entry_orc_guard_hut
Temple:   minmay_crystal_snake_temple

Skill      XL: |  1  2  3  4  5  6  7  8  9 10 |
---------------+-------------------------------+-----
Stealth        | 2 |  2.0
Dodging        | 2 3 |  3.3
Fighting       | 1 2 5 |  5.0
Conjurations   | 5 6 8 9 11 12 | 12.8
Spellcasting   | 3 4 5 6 |  6.0
Short Blades   | 2 3 5 |  5.0
Hexes          | 2 4 5 |  5.0
Ice Magic      | 2 |  2.7

Action                   |  1- 3 |  4- 6 |  7- 9 | 10-12 || total
-------------------------+-------+-------+-------+-------++-------
Melee: Spear             |    83 |    24 |       |       ||   107
       Tailslap          |     3 |    30 |    29 |    29 ||    91
       Punch             |     1 |     2 |     1 |     3 ||     7
       Dagger            |       |   160 |       |       ||   160
       Short sword       |       |    86 |   206 |   182 ||   474
 Cast: Magic Dart        |    46 |     7 |     3 |       ||    56
       Searing Ray       |       |    15 |    27 |    24 ||    66
       Fulminant Prism   |       |       |     4 |     2 ||     6
       Freezing Cloud    |       |       |       |     3 ||     3
  Use: Scroll            |     3 |     1 |     2 |     3 ||     9
       Potion            |       |     1 |       |     4 ||     5
 Stab: Sleeping          |     1 |     6 |     4 |       ||    11
       Distracted        |       |     1 |       |     1 ||     2
Armor: Skin              |    20 |   107 |   152 |   114 ||   393
Dodge: Dodged            |    59 |   147 |   164 |   140 ||   510
